 Dungeon Crawl Stone Soup version 0.30.1-9-gdf580d7c3d (webtiles) character file.

Game seed: 18392204552810667072

736 Wiggles the Chopper (level 7, -16/63 HPs)
             Began as a Minotaur Berserker on Oct 18, 2023.
             Was a Priest of Trog.
             Demolished by a two-headed ogre
             ... wielding a +0 giant club
              (22 damage)
             ... on level 5 of the Dungeon.
             The game lasted 00:05:38 (3970 turns).

Wiggles the Chopper (Minotaur Berserker)            Turns: 3970, Time: 00:05:38

Health: -16/63     AC: 11    Str: 24    XL:     7   Next: 46%
Magic:  6/6        EV:  9    Int:  4    God:    Trog [***...]
Gold:   197        SH:  0    Dex:  9    Spells: 6/6 levels left

rFire   . . .        q - +0 war axe
rCold   . . .        (no shield)
rNeg    . . .        l - +0 chain mail
rPois   .            (helmet restricted)
rElec   .            (no cloak)
rCorr   .            g - +0 pair of gloves
SInv    .            (no boots)
Will    +....        (no amulet) Stlth
                     n - ring of willpower
HPRegen 0.30/turn    (no ring)
MPRegen 0.10/turn

%: no passive effects
@: no status effects
A: horns 2, retaliatory headbutt
a: Renounce Religion, Berserk, Trog's Hand


You were on level 5 of the Dungeon.
You worshipped Trog.
Trog was most pleased with you.
You visited 1 branch of the dungeon, and saw 5 of its levels.

You collected 197 gold pieces.

Inventory:

Hand Weapons
 q - a +0 war axe (weapon)
Armour
 g - a +0 pair of gloves (worn)
 l - a +0 chain mail (worn)
Jewellery
 n - a ring of willpower (left hand)
 s - a ring of magical power
Wands
 t - a wand of roots (13)
Scrolls
 a - a scroll of poison {unknown}
 d - 5 scrolls of teleportation {unknown}
 i - a scroll of brand weapon {unknown}
 j - a scroll of fog {unknown}
 m - 4 scrolls of identify {unknown}
 o - 2 scrolls of enchant weapon {unknown}
 p - a scroll of fear {unknown}
 u - 2 scrolls of enchant armour {unknown}
 w - a scroll of noise {unknown}
Potions
 b - 2 potions of mutation {unknown}
 c - 2 potions of brilliance {unknown}
 e - a potion of experience {unknown}
 f - 2 potions of heal wounds {unknown}
 h - 5 potions of curing {unknown}
 k - 2 potions of degeneration {unknown}
 r - a potion of haste {unknown}
 v - a potion of ambrosia {unknown}


   Skills:
 + Level 6.0 Fighting
 + Level 7.6 Axes
 + Level 5.5 Armour
 + Level 2.9 Dodging
 + Level 0.1 Stealth


You had 6 spell levels left.
You didn't know any spells.
Your spell library was empty.

Dungeon Overview and Level Annotations

Branches:
Dungeon (5/15)
 Temple: D:4-7

Altars:
Ashenzari
Cheibriados
Dithmenos

Annotations:
D:3 1 transporter, lonewolfV2's ghost, amateur MiFi


Innate Abilities, Weirdness & Mutations

You have a pair of horns on your head.
You reflexively headbutt those who attack you in melee.


Message History

You feel sick.
You are no longer poisoned.
A scorpion comes into view.
The scorpion stings you.
You slash the scorpion! Your headbutt misses the scorpion.
The scorpion is heavily wounded.
The scorpion stings you but does no damage.
The scorpion barely misses you.
You slash the scorpion!
You kill the scorpion!
Trog accepts your kill.
Your Fighting skill increases to level 6!
No target in view!
No target in view!
A two-headed ogre comes into view.
It is wielding a +0 giant club and a +0 giant spiked club.
The two-headed ogre shouts in stereo!
You fail to use your ability.
You hit the two-headed ogre.
Your headbutt misses the two-headed ogre.
The two-headed ogre is lightly wounded.
The two-headed ogre hits you with a +0 giant club!!
The two-headed ogre hits you but does no damage.
You hit the two-headed ogre but do no damage.
The two-headed ogre is lightly wounded.
The two-headed ogre barely misses you. You furiously retaliate!
You headbutt the two-headed ogre!
The two-headed ogre hits you with a +0 giant spiked club!!
* * * LOW HITPOINT WARNING * * *
You hit the two-headed ogre.
The two-headed ogre is moderately wounded.
The two-headed ogre hits you with a +0 giant club.
* * * LOW HITPOINT WARNING * * *
The two-headed ogre hits you with a +0 giant spiked club.
* * * LOW HITPOINT WARNING * * *
You hit the two-headed ogre.
The two-headed ogre is moderately wounded.
You slash the two-headed ogre! You headbutt the two-headed ogre!
The two-headed ogre is severely wounded.
The two-headed ogre hits you with a +0 giant club!!
You die...

# .....#..#######..#
.......#...........#
##.....# .########.#
#...... ###.#
....#.## #...# #.###
#.# #.# #@# #O# #.#
#.# #.# #.# #.# #.#


You could see a two-headed ogre.

Vanquished Creatures
  A centaur (D:5)
  3 scorpions (D:5)
  A jelly (D:4)
  3 hounds (D:5)
  2 sleepcaps (D:5)
  Ijyb (D:5)
  3 iguanas (D:5)
  3 gnolls (D:3)
  10 adders
  3 worms
  2 dart slugs
  7 orcs
  4 endoplasms
  2 giant cockroaches (D:4)
  10 hobgoblins
  2 jackals (D:1)
  2 kobolds
  5 quokkas
  4 ball pythons
  6 bats
  2 frilled lizards
  3 goblins
  4 rats
83 creatures vanquished.

Notes
Turn   | Place    | Note
-------+----------+-------------------------------------------
     0 | D:1      | Wiggles the Minotaur Berserker began the quest for the Orb.
     0 | D:1      | Reached XP level 1. HP: 19/19 MP: 0/0
   387 | D:1      | Reached XP level 2. HP: 24/27 MP: 1/1
   637 | D:2      | Reached skill level 4 in Axes
   832 | D:2      | Reached XP level 3. HP: 29/33 MP: 2/2
  1173 | D:2      | Found a snail-covered altar of Cheibriados.
  1571 | D:3      | Reached XP level 4. HP: 36/41 MP: 3/3
  1590 | D:3      | Reached ** piety under Trog
  1743 | D:3      | Reached skill level 5 in Axes
  1830 | D:3      | Reached XP level 5. HP: 20/47 MP: 4/4
  1929 | D:3      | Found a broken altar of Ashenzari.
  2111 | D:3      | Noticed lonewolfV2's ghost (amateur MiFi)
  2111 | D:3      | Noticed an ogre
  2112 | D:3      | Found a transporter.
  2112 | D:3      | Noticed an ogre
  2145 | D:3      | Noticed an ogre
  2255 | D:4      | Reached skill level 5 in Fighting
  2560 | D:4      | Identified the +8 spear of Cruel Justice {flame, *Noise
                  | Will+ SInv}
  3008 | D:5      | Entered Level 5 of the Dungeon
  3022 | D:5      | Reached XP level 6. HP: 34/56 MP: 5/5
  3180 | D:5      | Reached skill level 6 in Axes
  3375 | D:5      | Noticed Ijyb
  3383 | D:5      | Killed Ijyb
  3505 | D:5      | Found a shadowy altar of Dithmenos.
  3654 | D:5      | Reached skill level 7 in Axes
  3654 | D:5      | Reached skill level 5 in Armour
  3654 | D:5      | Reached XP level 7. HP: 27/62 MP: 6/6
  3795 | D:5      | Reached *** piety under Trog
  3962 | D:5      | Noticed a two-headed ogre
  3970 | D:5      | Demolished by a two-headed ogre

Illustrated notes

Levels and vault maps discovered:
D:1:      dpeg_arrival_windows_large_door, layout_basic
D:2:      layout_loops_corners, basic_altar, minmay_misc_feat_doors,
          minmay_heptomino_o4
D:3:      layout_rooms, ashenzari_conservatory_becter, gammafunk_ghost_smash,
          st_stairs_4
D:4:      layout_cave_pods
D:5:      layout_loops_ring, mainiacjoe_overflow_chevrons, uniq_ijyb

Skill      XL: |  1  2  3  4  5  6  7 |
---------------+----------------------+-----
Fighting       | 4 5 6 |  6.0
Axes           | 4 5 7 |  7.6
Armour         | 3 4 5 |  5.5
Dodging        | |  2.9
Stealth        | |  0.1

Action                     |  1- 3 |  4- 6 |  7- 9 || total
---------------------------+-------+-------+-------++-------
  Melee: Hand axe          |    61 |    84 |       ||   145
         Headbutt          |     1 |    23 |     5 ||    29
         War axe           |       |    55 |    20 ||    75
 Invoke: Berserk           |       |     1 |       ||     1
 Armour: Animal skin       |     3 |       |       ||     3
         Scale mail        |    22 |     7 |       ||    29
         Chain mail        |       |    77 |     9 ||    86
  Dodge: Dodged            |    34 |    76 |     6 ||   116
